 Dungeon Crawl Stone Soup version 0.22-a0-305-gd21a89c (webtiles) character file.

7660 RoseArtemis the Cleaver (level 10, -2/94 HPs)
             Began as a Minotaur Fighter on Mar 30, 2018.
             Was a High Priest of Okawaru.
             Slain by Snorg (5 damage)
             ... on level 10 of the Dungeon.
             The game lasted 00:22:05 (9042 turns).

RoseArtemis the Cleaver (Minotaur Fighter)          Turns: 9042, Time: 00:22:06

Health: -2/94      AC: 19    Str: 21    XL:     10   Next: 99%
Magic:  9/9        EV:  8    Int:  6    God:    Okawaru [*****.]
Gold:   532        SH:  0    Dex: 12    Spells: 9/9 levels left

rFire    + . .     SeeInvis +   y - +0 battleaxe
rCold    . . .     Gourm    .   (shield currently unavailable)
rNeg     . . .     Faith    .   z - +1 chain mail {rF+}
rPois    +         Spirit   .   a - +0 hat {SInv}
rElec    .         Reflect  .   (no cloak)
rCorr    +         Harm     .   (no gloves)
MR       .....     NoCast   +   b - +1 pair of boots of the Imp {-Cast +Fly rPois rCorr}
Stlth    ..........             (no amulet)
HPRegen  0.25/turn              k - +4 ring of protection
MPRegen  0.11/turn              (no ring)

@: no status effects
A: retaliatory headbutt, horns 2
a: Heroism, Finesse, Renounce Religion, Evoke Flight


You were on level 10 of the Dungeon.
You worshipped Okawaru.
Okawaru was extremely pleased with you.
You were not hungry.

You visited 2 branches of the dungeon, and saw 11 of its levels.
You also visited: Ossuary.

You collected 584 gold pieces.
You spent 52 gold pieces at shops.

Inventory:

Hand Weapons
 y - a +0 battleaxe (weapon)
Armour
 a - a +0 hat of see invisible (worn)
 b - the +1 pair of boots of the Imp (worn) {-Cast +Fly rPois rCorr}
   (You found it on level 5 of the Dungeon)

   It protects you from poison.
   It lets you fly.
   It prevents spellcasting.
   It protects you from acid and corrosion.
 z - a +1 chain mail of fire resistance (worn)
Jewellery
 k - a +4 ring of protection (left hand)
Wands
 w - a wand of enslavement (18)
 C - a wand of polymorph (5)
 E - a wand of iceblast (13)
Scrolls
 c - a scroll of enchant armour {unknown}
 e - 2 scrolls of blinking
 h - 2 scrolls of enchant weapon
 i - 3 scrolls of amnesia
 j - 5 scrolls of teleportation
 l - a scroll of fog {unknown}
 n - 3 scrolls of fear
 p - 7 scrolls of remove curse
 q - a scroll of magic mapping {unknown}
 v - a scroll of immolation {unknown}
 x - a scroll of noise {unknown}
Potions
 d - 2 potions of agility
 g - 6 potions of heal wounds
 m - 5 potions of flight
 o - 3 potions of curing
 r - 3 potions of haste
 s - 2 potions of cancellation
 t - 2 potions of mutation
 u - a potion of berserk rage
 A - a potion of lignification
 B - a potion of resistance {unknown}
 F - a potion of ambrosia {unknown}
 G - a potion of invisibility {unknown}
Comestibles
 f - 19 rations


   Skills:
 + Level 10.3 Fighting
 * Level 13.4 Axes
 + Level 10.3 Armour
   Level 6.8 Shields


You had 9 spell levels left.
You didn't know any spells.

Dungeon Overview and Level Annotations

Branches:
Dungeon (10/15)            Temple (1/1) D:5
   Lair: D:8-11         Orc: D:9-12

Altars:
Ashenzari
Cheibriados
Dithmenos
Elyvilon
Fedhas
Gozag
Hepliaklqana
Kikubaaqudgha
Makhleb
Nemelex Xobeh
Okawaru
Qazlal
Ru
Sif Muna
Trog
Uskayaw
Vehumet
Wu Jian
Xom
Yredelemnul
Zin
The Shining One

Shops:
D:5 ?   D:7 !%

Annotations:
D:10 Snorg


Innate Abilities, Weirdness & Mutations

You reflexively headbutt those who attack you in melee.
You have a pair of horns on your head.


Message History

Snorg barely misses you. x2; Snorg claws you but does no damage.
You hit Snorg. Your headbutt misses Snorg.
Snorg is heavily wounded.
Snorg bites you!! Snorg claws you! Snorg claws you. Snorg bites you!
* * * LOW HITPOINT WARNING * * *
Snorg claws you but does no damage. x2
You barely miss Snorg.
Snorg is heavily wounded.
Snorg barely misses you. Snorg closely misses you.
Snorg claws you but does no damage.
You slice Snorg!! Your headbutt misses Snorg.
Snorg is severely wounded.
Snorg bites you.
* * * LOW HITPOINT WARNING * * *
Snorg claws you!
* * * LOW HITPOINT WARNING * * *
Snorg barely misses you. Snorg bites you.
* * * LOW HITPOINT WARNING * * *
Snorg claws you.
You die...

#.#
#.#
####.#
#....#
#.####
# #<#
#.##.#
#....#
#.##@#
# #T#
.Y#
##.#
#.#
...
...
...


You could see Snorg (berserk) and a yak.

Vanquished Creatures
  Gastronok (D:8)
  Pikel (D:8)
  Joseph (D:8)
  Prince Ribbit (D:8)
  2 hippogriffs
  5 yaks (D:10)
  4 hogs (D:7)
  A human (D:7)
  2 water moccasins
  3 slaves (D:8)
  2 sky beasts
  3 ice beasts
  4 ogres
  2 centaurs
  A big kobold (D:7)
  2 bullfrogs
  4 scorpions
  6 killer bees (D:8)
  7 wights
  A bullfrog zombie (D:6)
  A quasit (D:8)
  A hound (D:6)
  A centaur skeleton (D:9)
  3 orc priests
  4 jellies
  A bullfrog skeleton (D:8)
  2 gnoll shamans
  An iguana (D:6)
  6 orc wizards
  5 worker ants
  14 mummies
  2 worker ant zombies
  Robin (D:3)
  12 adders
  12 gnolls
  2 howler monkey skeletons (D:4)
  A shadow imp (D:7)
  5 worms
  2 dart slugs
  7 leopard geckos
  15 orcs
  2 ball pythons
  2 giant cockroaches
  14 goblins
  9 hobgoblins
  10 jackals
  18 kobolds
  7 quokkas
  5 bats
  5 frilled lizards
  A gnoll skeleton (Ossuary)
  A goblin skeleton (Ossuary)
  2 kobold skeletons (Ossuary)
  A leopard gecko zombie (D:8)
  4 orc skeletons (Ossuary)
  A quokka zombie (D:9)
  9 rats
  11 rat skeletons (Ossuary)
253 creatures vanquished.

Vanquished Creatures (others)
  A leopard gecko (D:8)
1 creature vanquished.

Grand Total: 254 creatures vanquished

Notes
Turn   | Place    | Note
-------+----------+-------------------------------------------
     0 | D:1      | RoseArtemis the Minotaur Fighter began the quest for the Orb.
     0 | D:1      | Reached XP level 1. HP: 19/19 MP: 0/0
   362 | D:1      | Reached XP level 2. HP: 26/27 MP: 1/1
   411 | D:1      | Reached skill level 3 in Axes
   700 | D:1      | Reached XP level 3. HP: 18/33 MP: 2/2
  1558 | D:2      | Reached XP level 4. HP: 40/40 MP: 3/3
  1854 | D:2      | Reached skill level 4 in Axes
  2412 | D:3      | Reached XP level 5. HP: 47/47 MP: 4/4
  2492 | D:3      | Noticed Robin
  2506 | D:3      | Killed Robin
  2590 | D:3      | Reached skill level 5 in Axes
  3178 | D:3      | Reached XP level 6. HP: 18/55 MP: 5/5
  3183 | D:3      | Reached skill level 5 in Armour
  3183 | D:3      | Reached skill level 5 in Shields
  3510 | D:4      | Reached skill level 5 in Fighting
  3525 | D:4      | Found a hazy altar of Hepliaklqana.
  3565 | D:4      | Found a sand-covered staircase.
  3572 | Ossuary  | Entered an ossuary
  3908 | Ossuary  | Reached skill level 6 in Axes
  4002 | Ossuary  | Reached XP level 7. HP: 61/61 MP: 6/6
  4749 | D:5      | Entered Level 5 of the Dungeon
  4931 | D:5      | Got a pair of ichor-stained boots
  4941 | D:5      | Identified the +1 pair of boots of the Imp {-Cast +Fly rPois rCorr} (You found it on level 5 of the Dungeon)
  5211 | D:5      | Found Postrifo's Magic Scroll Shoppe.
  5245 | D:5      | Reached skill level 7 in Axes
  5250 | D:5      | Bought a scroll of identify for 26 gold pieces
  5250 | D:5      | Bought a scroll of identify for 26 gold pieces
  5336 | D:5      | Found a staircase to the Ecumenical Temple.
  5342 | Temple   | Entered the Ecumenical Temple
  5401 | Temple   | Became a worshipper of Warmaster Okawaru
  5587 | D:6      | Reached XP level 8. HP: 42/70 MP: 7/7
  5802 | D:6      | Reached skill level 8 in Axes
  5936 | D:6      | Reached * piety under Okawaru
  6162 | D:7      | Noticed a hippogriff
  6174 | D:7      | Killed a hippogriff
  6174 | D:7      | Reached skill level 9 in Axes
  6432 | D:7      | Found Hotul's Distillery.
  6538 | D:7      | Reached XP level 9. HP: 66/79 MP: 8/8
  6621 | D:7      | Found an ancient bone altar of Kikubaaqudgha.
  6621 | D:7      | Found a faded altar of an unknown god.
  6626 | D:7      | Found a blossoming altar of Fedhas.
  6628 | D:7      | Found a glowing silver altar of Zin.
  6629 | D:7      | Found a snail-covered altar of Cheibriados.
  6667 | D:7      | Found an ornate altar of the Wu Jian Council.
  6837 | D:7      | Reached skill level 10 in Axes
  6852 | D:7      | Reached ** piety under Okawaru
  7124 | D:7      | Found Buwomail's Food Shoppe.
  7259 | D:8      | Noticed Gastronok
  7272 | D:8      | Killed Gastronok
  7272 | D:8      | Reached *** piety under Okawaru
  7272 | D:8      | Reached **** piety under Okawaru
  7272 | D:8      | Reached skill level 12 in Axes
  7272 | D:8      | Reached XP level 10. HP: 50/91 MP: 6/9
  7632 | D:8      | Noticed a deep elf mage
  7632 | D:8      | Noticed a yaktaur captain
  7637 | D:8      | Noticed Pikel
  7651 | D:8      | Killed Pikel
  7651 | D:8      | Reached ***** piety under Okawaru
  7662 | D:8      | Noticed a centaur warrior
  7744 | D:8      | Noticed Prince Ribbit
  7746 | D:8      | Killed Prince Ribbit
  8052 | D:8      | Noticed Joseph
  8058 | D:8      | Killed Joseph
  8225 | D:9      | Reached skill level 10 in Fighting
  8225 | D:9      | Reached skill level 10 in Armour
  8271 | D:9      | Reached skill level 13 in Axes
  8460 | D:9      | Found a sacrificial altar of Ru.
  8461 | D:9      | Found a hide-covered altar of Uskayaw.
  8788 | D:9      | Found a bloodstained altar of Trog.
  8965 | D:10     | Entered Level 10 of the Dungeon
  9023 | D:10     | Noticed Snorg
  9042 | D:10     | HP: 3/94 [Snorg (6)]
  9042 | D:10     | Slain by Snorg

Vault maps used:
D:1:      dpeg_arrival_morbid_curiosity
D:2:      minmay_quantized
D:3:      first_ration, uniq_robin
D:4:      kennysheep_mini, gup_ossuary_entry_pyramid, minmay_misc_feat_doors
D:5:      minmay_temple_entry_hall, serial_shops, shop
D:7:      lemuel_round_altar, chequers_temple_overflow_minitemple, serial_shops,
          shop, shop, grunt_livestock, st_stairs_7
D:8:      onia_ninara_dug_in_and_dangerous, uniq_gastronok, uniq_prince_ribbit1,
          uniq_joseph, uniq_pikel
D:9:      gammafunk_temple_overflow_pools, kennysheep_little_box
D:10:     due_lair_maze_entry_diamond, grunt_decor_clamped, uniq_snorg
Temple:   cyrus_circular_temple
Ossuary:  ossuary_due_small_catacomb

Skill      XL: |  1  2  3  4  5  6  7  8  9 10 |
---------------+-------------------------------+-----
Axes           | 3 4 5 6 7 9 12 13 | 13.4
Fighting       | 4 5 6 7 9 10 | 10.3
Armour         | 4 5 6 7 9 10 | 10.3
Shields        | 4 5 6 |  6.8

Action                   |  1- 3 |  4- 6 |  7- 9 | 10-12 || total
-------------------------+-------+-------+-------+-------++-------
Melee: War axe           |    92 |   214 |   180 |       ||   486
       Headbutt          |     9 |    40 |    59 |    26 ||   134
       Battleaxe         |       |       |    84 |   129 ||   213
Invok: Heroism           |       |       |     2 |     4 ||     6
  Use: Scroll            |     1 |     7 |     8 |     4 ||    20
       Potion            |       |     1 |       |       ||     1
  Eat: Chunk             |     2 |     7 |     8 |     6 ||    23
       Ration            |       |       |     1 |       ||     1
Armor: Scale mail        |    42 |    74 |    36 |       ||   152
       Chain mail        |       |       |   109 |    98 ||   207
Dodge: Dodged            |    26 |    42 |    68 |    76 ||   212
Block: Shield            |    48 |    68 |   105 |       ||   221

Table legend:
 A = Spawn XP
 B = Non-spawn XP
 C = Spawn XP percentage of total XP
 D = Spawn monster count
 E = Non-spawn monster count
 F = Spawn count percentage of total count
 G = Total turns spent on level
                    A         B        C        D         E        F      G
               +---------+---------+-------+---------+---------+-------+---------
         Total |       0 |   10944 |   0.0 |       0 |     249 |   0.0 |  9042
               +---------+---------+-------+---------+---------+-------+---------
           D:1 |       0 |      69 |   0.0 |       0 |      27 |   0.0 |  1355
           D:2 |       0 |      91 |   0.0 |       0 |      24 |   0.0 |   992
           D:3 |       0 |     287 |   0.0 |       0 |      41 |   0.0 |  1057
           D:4 |       0 |     337 |   0.0 |       0 |      26 |   0.0 |   711
           D:5 |       0 |     251 |   0.0 |       0 |       8 |   0.0 |   642
           D:6 |       0 |     978 |   0.0 |       0 |      23 |   0.0 |   688
           D:7 |       0 |    1994 |   0.0 |       0 |      22 |   0.0 |  1079
           D:8 |       0 |    4721 |   0.0 |       0 |      25 |   0.0 |   983
           D:9 |       0 |     715 |   0.0 |       0 |      16 |   0.0 |   749
          D:10 |       0 |    1250 |   0.0 |       0 |       6 |   0.0 |    77
       Ossuary |       0 |     251 |   0.0 |       0 |      31 |   0.0 |   634
               +---------+---------+-------+---------+---------+-------+---------
